 Dungeon Crawl Stone Soup version 0.30.0-5-g1a98f26d00 (webtiles) character file.

Game seed: 17910080690359377615

1313 SnakkuSnakku7 the Martial Artist (level 8, -1/43 HPs)
             Began as a Vine Stalker Fire Elementalist on May 13, 2023.
             Engulfed by a steam dragon's steam (2 damage)
             ... on level 6 of the Dungeon.
             The game lasted 00:05:55 (4317 turns).

SnakkuSnakku7 the Martial Artist (VSFE)             Turns: 4317, Time: 00:05:56

Health: -1/43      AC:  8    Str: 13    XL:     8   Next: 58%
Magic:  0/12       EV: 12    Int: 15    God:
Gold:   332        SH:  0    Dex: 15    Spells: 10/11 levels left

rFire   . .          .
                       - Unarmed
rCold   . . .        (no shield)
rNeg    + . .        w - +2 robe {Archmagi}
rPois   .            (no helmet)
rElec   .            G - +0 cloak
rCorr   .            s - +2 pair of gloves
SInv    .            (no boots)
Will    +....        (no amulet)
Stlth   ++           g - ring of positive energy
HPRegen 1.07/turn    h - ring of flight
MPRegen 0.13/turn

%: guardian spirit, archmagi
@: flying
A: fangs 3, regeneration 1, magic shield, antimagic bite, no potion heal 2
a: no special abilities


You were on level 6 of the Dungeon.
You visited 1 branch of the dungeon, and saw 6 of its levels.

You collected 332 gold pieces.

Inventory:

Armour
 a - a +0 robe
 s - a +2 pair of gloves (worn)
 t - a +0 scale mail
 w - a +2 robe of the Archmagi (worn)
 G - a +0 cloak (worn)
Jewellery
 g - a ring of positive energy (left hand)
 h - a ring of flight (right hand)
 E - an amulet of faith
Wands
 v - a wand of flame (15)
 x - a wand of roots (12)
Scrolls
 e - 6 scrolls of identify {unknown}
 i - 2 scrolls of poison {unknown}
 j - 2 scrolls of fog {unknown}
 k - 2 scrolls of vulnerability {unknown}
 m - 4 scrolls of teleportation {unknown}
 n - a scroll of enchant weapon {unknown}
 q - a scroll of noise {unknown}
 y - a scroll of amnesia {unknown}
 z - 2 scrolls of immolation {unknown}
 A - a scroll of blinking {unknown}
 B - 2 scrolls of enchant armour {unknown}
 C - 3 scrolls of summoning {unknown}
 D - 2 scrolls of brand weapon {unknown}
Potions
 b - a potion of magic
 c - 2 potions of heal wounds
 d - 3 potions of curing {unknown}
 f - 2 potions of flight {unknown}
 l - 3 potions of attraction {unknown}
 o - a potion of brilliance {unknown}
 p - a potion of might {unknown}
 r - 2 potions of degeneration {unknown}
 u - a potion of lignification {unknown}
 F - a potion of haste {unknown}


   Skills:
 - Level 5.0 Fighting
 - Level 1.5 Dodging
 - Level 2.4 Stealth
 + Level 8.4 Unarmed Combat
 - Level 2.1 Spellcasting
 - Level 1.0 Conjurations
 - Level 3.0 Fire Magic


You had 10 spell levels left.
You knew the following spells:

 Your Spells              Type           Power      Damage    Failure   Level
a - Foxfire               Conj/Fire      44%        2x1d6     10%         1

Your spell library contained the following spells:

 Spells                   Type           Power      Damage    Failure   Level
 Scorch                   Fire           30%        2d6       10%         2
 Beastly Appendage        Tmut           4%         N/A       22%         1
 Wereblood                Tmut           2%         N/A       32%         2
 Inner Flame              Hex/Fire       9%         N/A       34%         3
 Volatile Blastmotes      Fire/Tloc      18%        2d11      34%         3
 Spider Form              Tmut/Pois      2%         N/A       54%         3
 Flame Wave               Conj/Fire      11%        2d6       67%         4


Dungeon Overview and Level Annotations

Branches:
Dungeon (6/15)
 Temple: D:4-7

Altars:
Gozag

Shops:
D:1 !   D:3 *


Innate Abilities, Weirdness & Mutations

You have razor-sharp teeth.
Your natural rate of healing is unusually fast.
When hurt, damage is shared between your health and your magic reserves.
Your bite disrupts and absorbs the magic of your enemies.
Potions cannot restore your health.


Message History

There is an open door here.
A steam dragon comes into view.
The steam dragon hisses angrily.
The steam dragon breathes steam at you. The ball of steam hits you!
You're standing in a cloud of steam!
You are engulfed in a cloud of scalding steam.
The steam dragon barely misses you. The steam dragon claws you.
You closely miss the steam dragon. You punch the steam dragon!
You bite the steam dragon, but do no damage.
The steam dragon is moderately wounded.
You are engulfed in a cloud of scalding steam.
The steam dragon misses you. The steam dragon barely misses you.
You closely miss the steam dragon.
You bite the steam dragon, but do no damage.
The steam dragon is moderately wounded.
The steam dragon breathes steam at you. The ball of steam hits you.
Something shouts, "Flounder, thou rough-hewn unchin-snouted dingleberry!"
You hear a shout! x3
You hit the steam dragon.
You bite the steam dragon, but do no damage.
The steam dragon is moderately wounded.
You are engulfed in a cloud of scalding steam.
You hit the steam dragon but do no damage.
The steam dragon is moderately wounded.
You are engulfed in a cloud of scalding steam.
The steam dragon bites you. The steam dragon misses you.
You hit the steam dragon.
You bite the steam dragon, but do no damage.
The steam dragon is heavily wounded.
You are engulfed in a cloud of scalding steam.
* * * LOW HITPOINT WARNING * * *
The steam dragon breathes steam at you. The ball of steam hits you!
* * * LOW HITPOINT WARNING * * *
You hit the steam dragon.
The steam dragon is severely wounded.
You are engulfed in a cloud of scalding steam.
You die...

############
#...........
#...........
#...........
######......<....
#................
#.#####'#########
####.#####.####
#.D@.§#.......######
#...§§#....##.#...#.
#...§.#.(..##.#.#.#.
.......#....##.#.#...
####....#....##.#.....
#....#######.######
#....# #..).... #....#
######## ## #


You could see a steam dragon (catching breath).

Vanquished Creatures
  Sigmund (D:3)
  Duvessa (D:4)
  A water moccasin (D:5)
  An ice beast (D:5)
  An ogre (D:5)
  Blork the orc (D:4)
  A bullfrog (D:4)
  2 scorpions (D:5)
  Dowan (D:4)
  2 howler monkeys
  2 hounds (D:5)
  2 orc priests (D:3)
  Ijyb (D:3)
  An iguana (D:5)
  2 orc wizards (D:3)
  10 adders
  A gnoll (D:6)
  2 worms
  11 orcs
  13 endoplasms
  5 giant cockroaches
  A hobgoblin (D:1)
  6 jackals (D:3)
  3 quokkas
  6 ball pythons
  6 bats
  2 frilled lizards
  8 goblins
  7 kobolds
  6 rats
107 creatures vanquished.

Vanquished Creatures (others)
  69 foxfires
69 creatures vanquished.

Grand Total: 176 creatures vanquished

Notes
Turn   | Place    | Note
-------+----------+-------------------------------------------
     0 | D:1      | SnakkuSnakku7 the Vine Stalker Fire Elementalist began the
                  | quest for the Orb.
     0 | D:1      | Reached XP level 1. HP: 9/9 MP: 4/4
    40 | D:1      | Found Wagogh's Distillery.
   253 | D:1      | Reached skill level 1 in Unarmed Combat
   253 | D:1      | Reached XP level 2. HP: 14/14 MP: 6/6
   263 | D:1      | Reached skill level 1 in Fighting
   745 | D:2      | Reached XP level 3. HP: 18/18 MP: 4/7
   815 | D:2      | Reached skill level 2 in Unarmed Combat
  1606 | D:3      | Gained mutation: Your natural rate of healing is unusually
                  | fast. [Vine Stalker growth]
  1606 | D:3      | Reached XP level 4. HP: 19/23 MP: 6/8
  1717 | D:3      | Noticed Ijyb
  1770 | D:3      | Killed Ijyb
  1789 | D:3      | Reached skill level 3 in Unarmed Combat
  1789 | D:3      | Reached XP level 5. HP: 27/27 MP: 7/9
  1836 | D:3      | Found Gozag's Platinum Reserve.
  1862 | D:3      | Found an opulent altar of Gozag.
  1874 | D:3      | Noticed Sigmund
  1894 | D:3      | Killed Sigmund
  1895 | D:3      | Reached skill level 4 in Unarmed Combat
  1895 | D:3      | Reached XP level 6. HP: 26/33 MP: 7/10
  2461 | D:4      | Noticed Duvessa
  2461 | D:4      | Noticed Dowan
  2571 | D:3      | Reached XP level 7. HP: 6/38 MP: 0/11
  2694 | D:4      | Killed Duvessa
  2695 | D:4      | Reached skill level 5 in Unarmed Combat
  2751 | D:4      | Killed Dowan
  3035 | D:4      | Noticed Blork the orc
  3050 | D:4      | Killed Blork the orc
  3051 | D:4      | Reached skill level 5 in Fighting
  3235 | D:4      | Reached skill level 6 in Unarmed Combat
  3301 | D:5      | Entered Level 5 of the Dungeon
  3340 | D:5      | Gained mutation: You have razor-sharp teeth. [Vine Stalker
                  | growth]
  3340 | D:5      | Reached XP level 8. HP: 43/43 MP: 7/12
  3458 | D:5      | Reached skill level 7 in Unarmed Combat
  3814 | D:5      | Reached skill level 8 in Unarmed Combat
  4316 | D:6      | HP: 1/43 [steam dragon/ball of steam (12)]
  4317 | D:6      | Engulfed by a steam dragon's steam

Illustrated notes

Levels and vault maps discovered:
D:1:      elethiomel_arrival_infinity_welcomes_careful_drivers, layout_rooms,
          serial_shops, shop, minmay_octomino_c4
D:2:      layout_basic
D:3:      layout_rooms, nicolae_gozag_zags_fifth_avenue, kennysheep_donut,
          uniq_sigmund, uniq_ijyb
D:4:      layout_basic, minmay_stone_trees_medium, kennysheep_orc_chapel,
          uniq_duvessa, uniq_blork_the_orc
D:5:      layout_gridville
D:6:      layout_basic, slow_altar_1, minmay_temple_entry_proselytizer,
          nicolae_fountain_basement

Skill      XL: |  1  2  3  4  5  6  7  8 |
---------------+-------------------------+-----
Unarmed Combat | 1 2 3 4 6 8 |  8.4
Fighting       | 1 2 3 4 5 |  5.0
Dodging        | |  1.5
Stealth        | |  2.4
Spellcasting   | |  2.1
Conjurations   | |  1.0
Fire Magic     | |  3.0

Action                     |  1- 3 |  4- 6 |  7- 9 || total
---------------------------+-------+-------+-------++-------
  Melee: Unarmed           |   118 |   234 |   150 ||   502
         Bite              |    21 |    55 |    49 ||   125
         Punch             |     3 |     6 |     7 ||    16
   Cast: Foxfire           |    18 |       |    21 ||    39
  Evoke: Wand              |       |     2 |     1 ||     3
   Stab: Sleeping          |     4 |     1 |     3 ||     8
 Armour: Robe              |    34 |    31 |    31 ||    96
         Scale mail        |     8 |    97 |       ||   105
  Dodge: Dodged            |    86 |   167 |    75 ||   328
